 Dungeon Crawl Stone Soup version 0.27-a0-1456-gf5a116941d (webtiles) character file.

Game seed: 13484298760925904599

4531 pyrow613 the Geomancer (level 9, 68/68 HPs)
             Began as a Demigod Earth Elementalist on July 2, 2021.
             Got out of the dungeon alive.
             The game lasted 00:29:09 (8844 turns).

pyrow613 the Geomancer (Demigod Earth Elementalist) Turns: 8844, Time: 00:29:10

Health: 68/68      AC:  8    Str: 13    XL:     9   Next: 96%
Magic:  18/18      EV: 11    Int: 30    God:
Gold:   56         SH:  4    Dex: 10    Spells: 0/15 levels left

rFire    + + .     SeeInvis .   a - +2 rapier (venom)
rCold    + . .     Faith    .   o - +0 buckler
rNeg     . . .     Spirit   .   s - +0 leather armour {rC+}
rPois    .         Reflect  .   j - +0 helmet
rElec    .         Harm     .   (no cloak)
rCorr    +         Rampage  .   F - +2 pair of gloves of Dicycoc {rF++ Int+5 Dex-4}
Will     .....                  u - +0 pair of boots
Stlth    +.........             (no amulet)
HPRegen  0.21/turn              v - ring of resist corrosion
MPRegen  0.16/turn              (no ring)

@: no status effects
A: high mp 1, forlorn
a: no special abilities


You escaped.
You visited 1 branch of the dungeon, and saw 8 of its levels.

You collected 470 gold pieces.
You spent 414 gold pieces at shops.

Inventory:

Hand Weapons
 a - a +2 rapier of venom (weapon)
 b - a +1 whip of flaming
Missiles
 q - 19 poisoned darts
 I - 42 stones
Armour
 j - a +0 helmet (worn)
 o - a +0 buckler (worn)
 s - a +0 leather armour of cold resistance (worn)
 u - a +0 pair of boots (worn)
 D - the +2 chain mail "Xoudoov" {rC+ Regen+ Int+2}
   (You found it on level 5 of the Dungeon)

   Int:       It affects your intelligence (+2).
   rC:        It protects you from cold.
   Regen:     It increases your rate of health regeneration.
 F - the +2 pair of gloves of Dicycoc (worn) {rF++ Int+5 Dex-4}
   (You found it on level 5 of the Dungeon)

   Int:       It affects your intelligence (+5).
   Dex:       It affects your dexterity (-4).
   rF:        It greatly protects you from fire.
Jewellery
 v - a ring of resist corrosion (left hand)
 J - a ring of fire
Wands
 m - a wand of polymorph (8)
Scrolls
 d - 5 scrolls of teleportation
 e - 4 scrolls of magic mapping {unknown}
 f - 3 scrolls of amnesia {unknown}
 l - a scroll of acquirement {unknown}
 n - a scroll of blinking {unknown}
 r - 2 scrolls of noise {unknown}
 y - a scroll of vulnerability {unknown}
 z - 2 scrolls of fog {unknown}
 B - a scroll of enchant weapon {unknown}
 C - 4 scrolls of enchant armour
 E - 5 scrolls of identify
 G - a scroll of summoning {unknown}
 H - a scroll of fear {unknown}
Potions
 c - a potion of magic {unknown}
 g - a potion of brilliance {unknown}
 h - 3 potions of curing {unknown}
 i - a potion of invisibility {unknown}
 k - 2 potions of mutation {unknown}
 p - a potion of ambrosia {unknown}
 t - a potion of degeneration {unknown}
 w - 2 potions of heal wounds
 x - a potion of flight {unknown}
 A - a potion of attraction {unknown}
 K - 2 potions of haste


   Skills:
 + Level 2.8 Fighting
 - Level 0.1 Armour
 + Level 2.3 Dodging
 - Level 1.7 Stealth
 - Level 4.0 Shields
 + Level 3.7 Spellcasting
 + Level 7.0 Conjurations
 + Level 1.5 Transmutations
 * Level 9.8 Earth Magic


You couldn't memorise any spells.
You knew the following spells:

 Your Spells              Type           Power      Damage    Failure   Level
a - Sandblast             Erth           100%       2d20      1%          1
b - Stone Arrow           Conj/Erth      100%       3d13      1%          3
c - Passwall              Tmut/Erth      32%        N/A       1%          2
d - Lee's Rapid Deconstr  Erth           30%        3d17*     4%          5
e - Petrify               Tmut/Erth      39%        N/A       9%          4

Your spell library contained the following spells:

 Spells                   Type           Power      Damage    Failure   Level
 Foxfire                  Conj/Fire      100%       2x1d9     1%          1
 Magic Dart               Conj           100%       1d8       1%          1
 Static Discharge         Conj/Air       26%        N/A       3%          2
 Conjure Flame            Conj/Fire      26%        6-21      6%          3
 Animate Skeleton         Necr           10%        N/A       9%          1
 Apportation              Tloc           10%        N/A       9%          1
 Corona                   Hex            5%         N/A       9%          1
 Summon Small Mammal      Summ           20%        N/A       9%          1
 Mephitic Cloud           Conj/Pois/Air  19%        N/A       10%         3
 Animate Armour           Summ/Erth      70%        N/A       11%         4
 Leda's Liquefaction      Hex/Erth       17%        N/A       11%         4
 Call Imp                 Summ           5%         N/A       13%         2
 Ignite Poison            Fire/Tmut/Pois 8%         N/A       21%         3
 Sticky Flame             Conj/Fire      26%        2d5       21%         4
 Call Canine Familiar     Summ           5%         N/A       26%         3
 Gell's Gravitas          Tloc           2%         N/A       26%         3
 Inner Flame              Hex/Fire       5%         N/A       26%         3
 Lesser Beckoning         Tloc           2%         N/A       26%         3
 Portal Projectile        Hex/Tloc       10%        N/A       26%         3
 Summon Guardian Golem    Hex/Summ       5%         N/A       26%         3
 Teleport Other           Tloc           5%         N/A       26%         3
 Iron Shot                Conj/Erth      27%        9d6       38%         6
 Dispel Undead            Necr           5%         3d7       63%         4
 Blade Hands              Tmut           7%         N/A       77%         5
 Orb of Destruction       Conj           23%        9d10      99%         7
 Dispersal                Tloc           2%         N/A       100%        6
 Spellforged Servitor     Conj/Summ      13%        N/A       100%        7


Dungeon Overview and Level Annotations

Branches:
Dungeon (8/15)             Temple (0/1) D:4
   Lair: D:8-11

Shops:
D:6 [[[*

Annotations:
D:2 1 runed translucent door, Crazy Yiuf
D:4 exclusion: downstairs


Innate Abilities, Weirdness & Mutations

Your attributes grow dramatically as you level up.
You have an increased reservoir of magic. (+10% MP)
You shall have no god before yourself.


Message History

You climb downwards.
There is a stone staircase leading up here.
Saving game... please wait.
Welcome back, pyrow613 the Demigod Earth Elementalist.
Press ? for a list of commands and other information.
Saving game... please wait.
Welcome back, pyrow613 the Demigod Earth Elementalist.
Press ? for a list of commands and other information.
There's nothing to open nearby.
There are no items here.
There are no items here.
(D) Dungeon (T) Temple
Where to? (? - help)
What level of the Dungeon? (default 1, ? - help)
You climb upwards.
There is a stone staircase leading down here.
There is an entrance to Diseth's Armour Shop here.
There is a stone staircase leading up here.
You climb upwards.
There is a stone staircase leading down here.
There is a stone staircase leading up here.
You climb upwards.
Level annotation: exclusion: downstairs
There is a stone staircase leading down here.
There is a stone staircase leading up here.
You climb upwards.
There is a stone staircase leading down here.
There is an escape hatch in the floor here.
There is a stone staircase leading up here.
You climb upwards.
Level annotation: 1 runed translucent door, Crazy Yiuf
There is a stone staircase leading down here.
There is a stone staircase leading up here.
You climb upwards.
There is a stone staircase leading down here.
You enter the shallow water.
Moving in this stuff is going to be slow.
There is a staircase leading out of the dungeon here.
Are you sure you want to leave the Dungeon?
This will make you lose the game!
You have escaped!

###...#
#.##PP≈#
#..........
#.### #≈≈P##.#
#..####..#.
#.# #PP≈##.#
#.##.)##.##
#.#####≈PP...#
#.#....#..#
#...≈P≈#####.#
#.#..#....#
#.##P≈≈# #.#
#.##.##†.##
#.##PPP# ###.#
#..#..####.
#P≈P##.# #...#
###........)
#PP≈##.###.@.#
#...........
#≈P≈.........#
#.######..##
##############
#.# ##.# #.#
#.# #.# #.#
#.# #.# #.#
#.# #.# #.#
#.#######.#


There were no monsters in sight!

Vanquished Creatures
  A centaur warrior (D:8)
  Pikel (D:4)
  A wyvern (D:8)
  Menkaure (D:5)
  A water moccasin (D:8)
  A black bear (D:4)
  A sky beast (D:8)
  An orc warrior (D:6)
  A necrophage (D:6)
  An ogre (D:5)
  A lemure (D:5)
  2 phantoms
  6 centaurs
  A kobold brigand (D:8)
  2 wyvern zombies
  6 scorpions
  2 wyvern skeletons (D:6)
  6 killer bees (D:7)
  A wight (D:8)
  An electric eel (D:6)
  6 howler monkeys
  5 hounds
  A bullfrog zombie (D:6)
  A gnoll shaman (D:6)
  2 jellies
  An orc priest (D:5)
  4 iguanas
  Ijyb (D:3)
  4 orc wizards
  A howler monkey zombie (D:8)
  9 gnolls
  6 adders
  A white imp (D:5)
  An ufetubus (D:4)
  2 adder skeletons
  4 worms
  2 dart slugs
  7 orcs
  6 ball pythons
  9 bats
  4 endoplasms
  4 giant cockroaches
  11 goblins
  6 hobgoblins
  12 jackals
  4 kobolds
  5 quokkas
  3 frilled lizards
  A rat (D:3)
161 creatures vanquished.

Notes
Turn   | Place    | Note
-------+----------+-------------------------------------------
     0 | D:1      | pyrow613 the Demigod Earth Elementalist began the quest for
                  | the Orb.
     0 | D:1      | Reached XP level 1. HP: 14/14 MP: 5/5
   156 | D:1      | Reached skill level 3 in Earth Magic
   351 | D:1      | Reached XP level 2. HP: 18/20 MP: 5/7
   500 | D:1      | HP: 1/20 [hobgoblin (1)]
  1350 | D:2      | Reached XP level 3. HP: 24/26 MP: 6/9
  1751 | D:2      | Reached skill level 1 in Transmutations
  1891 | D:2      | Learned a level 3 spell: Stone Arrow
  2006 | D:2      | Found a runed translucent door.
  2007 | D:2      | Noticed Crazy Yiuf
  2525 | D:3      | Noticed Ijyb
  2527 | D:3      | Reached XP level 4. HP: 31/34 MP: 7/10
  2562 | D:3      | Paralysed by Ijyb for 7 turns
  2572 | D:3      | Paralysed by Ijyb for 5 turns
  2582 | D:3      | Reached skill level 1 in Conjurations
  2589 | D:3      | Killed Ijyb
  2960 | D:3      | Reached skill level 1 in Fighting
  3023 | D:3      | Reached skill level 1 in Shields
  3030 | D:3      | Reached XP level 5. HP: 36/40 MP: 6/12
  3420 | D:4      | Reached skill level 4 in Earth Magic
  3505 | D:4      | Found a staircase to the Ecumenical Temple.
  3521 | D:4      | Noticed a black bear
  3727 | D:3      | Reached XP level 6. HP: 46/47 MP: 10/13
  4580 | D:5      | Entered Level 5 of the Dungeon
  4592 | D:5      | Noticed Menkaure
  4686 | D:5      | Reached XP level 7. HP: 55/55 MP: 13/15
  4802 | D:5      | Killed Menkaure
  4803 | D:5      | Reached skill level 5 in Earth Magic
  4853 | D:5      | Identified the +2 chain mail "Xoudoov" {rC+ Regen+ Int+2}
  4944 | D:5      | Noticed Pikel
  5116 | D:4      | Killed Pikel
  5117 | D:4      | Reached skill level 6 in Earth Magic
  5117 | D:4      | Reached XP level 8. HP: 26/62 MP: 7/16
  5476 | D:5      | Identified the +2 pair of gloves of Dicycoc {rF++ Int+5
                  | Dex-4}
  5738 | D:5      | Reached skill level 7 in Earth Magic
  5906 | D:6      | Reached skill level 5 in Conjurations
  6468 | D:6      | You fall into a shaft and drop 2 floors!
  6476 | D:8      | Learned a level 2 spell: Passwall
  6485 | D:8      | Noticed a centaur warrior
  6490 | D:8      | Reached skill level 8 in Earth Magic
  6490 | D:8      | Reached XP level 9. HP: 62/68 MP: 11/17
  6495 | D:8      | Killed a centaur warrior
  6498 | D:8      | Reached skill level 9 in Earth Magic
  6887 | D:8      | Noticed an angel
  6909 | D:8      | Identified the ring of Agozul {rF+ Str+3}
  6910 | D:8      | Noticed a two-headed ogre
  7470 | D:7      | Learned a level 5 spell: Lee's Rapid Deconstruction
  7475 | D:7      | Learned a level 4 spell: Petrify
  7955 | D:6      | Found Feggeeri's Armour Emporium.
  8000 | D:6      | Found Lorotasi's Armour Shoppe.
  8002 | D:6      | Found Ziagoan's General Store.
  8173 | D:6      | Found Diseth's Armour Shop.
  8551 | D:6      | Bought a scroll of identify for 24 gold pieces
  8551 | D:6      | Bought a scroll of enchant armour for 90 gold pieces
  8551 | D:6      | Bought a potion of haste for 120 gold pieces
  8551 | D:6      | Bought a potion of heal wounds for 60 gold pieces
  8551 | D:6      | Bought a potion of haste for 120 gold pieces
  8714 | D:7      | Upgraded the game from 0.27-a0-1431-gcffa5a9b16 to
                  | 0.27-a0-1456-gf5a116941d
  8844 | D:$      | Got out of the dungeon alive.

Illustrated notes

Levels and vault maps discovered:
D:1:      psy_arrival_conway, layout_basic, minmay_misc_feat_tiny, st_stairs_1,
          minmay_close_crescents
D:2:      layout_basic, basic_altar, hellmonk_ecumenical_altar_crossroads,
          uniq_crazy_yiuf_cottage
D:3:      layout_rooms, serial_corexii_hall, corexii_hall_statues_x,
          chequers_hall_statues_wall_a, uniq_ijyb
D:4:      layout_basic, overflow_temple_1_default, minmay_temple_entry_trees
D:5:      layout_cave_pools, uniq_menkaure, uniq_pikel
D:6:      layout_basic, nicolae_gozag_cash_rules_everything_around_me,
          serial_shops, nicolae_stop_n_shop_1, serial_curves, eino_curves_02,
          eino_curves_04, eino_curves_03, eino_curves_01,
          nicolae_wooded_promenade, minmay_bent
D:7:      layout_gridville, minmay_overflow_temple_star_quad
D:8:      layout_rooms, grunt_temple_overflow_order_and_chaos_1,
          minmay_pinched_square

Skill      XL: |  1  2  3  4  5  6  7  8  9 |
---------------+----------------------------+-----
Spellcasting   | 2 3 |  3.7
Earth Magic    | 3 4 6 8 9 |  9.8
Dodging        | 2 |  2.3
Transmutations | 1 |  1.5
Conjurations   | 1 2 3 4 5 7 |  7.0
Fighting       | 1 2 |  2.8
Shields        | 1 2 4 |  4.0
Armour         | |  0.1
Stealth        | |  1.7

Action                   |  1- 3 |  4- 6 |  7- 9 || total
-------------------------+-------+-------+-------++-------
Melee: Dagger            |    86 |    13 |       ||    99
       Rapier            |       |    37 |    64 ||   101
 Cast: Sandblast         |    62 |    81 |    73 ||   216
       Stone Arrow       |       |       |    38 ||    38
       Lee's Rapid Decon |       |       |     2 ||     2
       Passwall          |       |       |     1 ||     1
Evoke: Wand              |       |       |     1 ||     1
  Use: Scroll            |       |       |     1 ||     1
Armor: Robe              |     5 |       |       ||     5
       Leather armour    |    25 |    27 |    38 ||    90
       Ring mail         |    28 |     6 |       ||    34
Dodge: Dodged            |    83 |    54 |    65 ||   202
Block: Buckler           |     7 |    17 |    37 ||    61

Table legend: (Time is in decaauts)
 A = Elapsed time spent in this place.
 B = Non-inter-level travel time spent in this place.
 C = Inter-level travel time spent in this place.
 D = Time resting spent in this place.
 E = Time spent auto-exploring this place.
 F = Levels seen in this place.
 G = Mean time per level.
                   A        B        C        D        E       F      G
               +--------+--------+--------+--------+--------+-----+--------+
         Total |   8885 |   8560 |    325 |   2335 |   4603 |   8 | 1110.6 |
       Dungeon |   8885 |   8560 |    325 |   2335 |   4603 |   8 | 1110.6 |
               +--------+--------+--------+--------+--------+-----+--------+

Top non-repeatable levels by time:
     D:6: 1695 daAuts
     D:4: 1500 daAuts
     D:1: 1400 daAuts
     D:3: 1105 daAuts
     D:5: 1086 daAuts
     D:2: 995 daAuts
     D:8: 593 daAuts
     D:7: 508 daAuts
